[Event "DPMM 2023-24"]
[Site "Germany"]
[Date "2024.01.27"]
[Round "10.2"]
[White "Haack, Kevin"]
[Black "Ronge, Tim"]
[Result "0-1"]
[ECO "D30"]
[WhiteElo "2259"]
[BlackElo "2315"]
[PlyCount "80"]
[EventDate "2024.03.14"]
[EventType "team-tourn"]
[EventCountry "GER"]
[TimeControl "40/6000:20/3000:0"]

1. d4 d5 2. c4 e6 3. Nf3 h6 4. g3 Nf6 5. Bg2 Bd6 6. O-O O-O 7. Nc3 Nc6 8. b3 dxc4 9. bxc4 e5 10. e3 exd4 11. exd4 Re8 12. h3 Bf5 13. Be3 Bxg3 14. Bxh6 Bd6 15. Bg5 Qd7 16. Bxf6 gxf6 17. Nd5 Kg7 18. Nh4 Rh8 19. Nxf5+ Qxf5 20. c5 Bf4 21. Re1 Rh4 22. Rb1 Rd8 23. Ne3 Qg5 24. d5 Ne5 25. Kf1 Rg8 26. Qc2 Kh8 27. Rb4 Rh5 28. Qe4 Ng6 29. Qf3 f5 30. Bh1 Be5 31. Ng2 f4 32. Rxb7 Kg7 33. Rbb1 Rgh8 34. h4 Nxh4 35. Nxh4 Rxh4 36. Ke2 Qf5 37. Qe4 f3+ 38. Kd3 Rxe4 39. Rxe4 Rh4 40. Rbe1 Bf6 0-1

[Event "DPMM 2023-24"]
[Site "Germany"]
[Date "2024.01.27"]
[Round "10.2"]
[White "Mueller, Dominik"]
[Black "Helmer, Jan"]
[Result "1-0"]
[ECO "A21"]
[WhiteElo "2230"]
[BlackElo "2206"]
[PlyCount "39"]
[EventDate "2024.03.14"]
[EventType "team-tourn"]
[EventCountry "GER"]
[TimeControl "40/6000:20/3000:0"]

1. c4 e5 2. Nc3 Bb4 3. Nd5 Bc5 4. Nf3 c6 5. Nc3 d6 6. d4 exd4 7. Nxd4 Qh4 8. e3 Nf6 9. g3 Qg4 10. Qxg4 Bxg4 11. Bg2 O-O 12. h3 Bd7 13. O-O Na6 14. Rd1 Rad8 15. e4 Nc7 16. Bg5 Nce8 17. Nb3 Bb4 18. Ne2 Be6 19. a3 Bxc4 20. Nec1 1-0

[Event "DPMM 2023-24"]
[Site "Germany"]
[Date "2024.01.27"]
[Round "10.2"]
[White "Knudsen, Simon"]
[Black "Jenner, Meikel"]
[Result "0-1"]
[ECO "B30"]
[WhiteElo "2226"]
[BlackElo "1980"]
[PlyCount "140"]
[EventDate "2024.03.14"]
[EventType "team-tourn"]
[EventCountry "GER"]
[TimeControl "40/6000:20/3000:0"]

1. e4 c5 2. Nf3 Nc6 3. Bb5 e5 4. O-O Bd6 5. c3 a6 6. Ba4 Nge7 7. d4 cxd4 8. cxd4 exd4 9. Nxd4 Nxd4 10. Qxd4 Qc7 11. h3 O-O 12. Nc3 b5 13. Bb3 Bc5 14. Qd3 Bb7 15. Bg5 Ng6 16. Rac1 Qe5 17. Be3 d6 18. Rfd1 Rae8 19. Bxc5 dxc5 20. Qd6 Qg5 21. Kh2 c4 22. Bc2 f5 23. Qg3 Qxg3+ 24. Kxg3 fxe4 25. Re1 Nf4 26. Nxe4 Re6 27. Kh2 Nd3 28. Bxd3 cxd3 29. Nc5 d2 30. Nxe6 dxe1=Q 31. Rxe1 Rxf2 32. Kg3 Rxg2+ 33. Kf4 Rf2+ 34. Kg3 Rxb2 35. Nd8 Rg2+ 36. Kf4 g5+ 37. Kf5 Bd5 38. Kf6 Rf2+ 39. Kxg5 Bxa2 40. Nc6 h6+ 41. Kg4 Rf6 42. Re8+ Kf7 43. Re7+ Kf8 44. Rc7 Be6+ 45. Kg3 Rf7 46. Nd4 Bd5 47. Rc5 Rd7 48. Nf5 Be6 49. Rc8+ Kf7 50. Nxh6+ Kg7 51. Rc6 Rd3+ 52. Kf4 Rxh3 53. Rxe6 Rxh6 54. Re7+ Kf8 55. Ra7 Rb6 56. Ke3 Ke8 57. Kd3 Kd8 58. Kc3 Rc6+ 59. Kb4 Rc4+ 60. Ka5 Ra4+ 61. Kb6 b4 62. Kc5 a5 63. Kd6 Kc8 64. Kc6 Kb8 65. Rb7+ Ka8 66. Kb6 b3 67. Rh7 Rb4+ 68. Ka6 b2 69. Rh8+ Rb8 70. Rh7 Rb6+ 0-1

[Event "DPMM 2023-24"]
[Site "Germany"]
[Date "2024.01.27"]
[Round "10.2"]
[White "Haufe, Laurin"]
[Black "Heinze, Brian"]
[Result "1-0"]
[ECO "C45"]
[WhiteElo "2171"]
[BlackElo "1863"]
[PlyCount "57"]
[EventDate "2024.03.14"]
[EventType "team-tourn"]
[EventCountry "GER"]
[TimeControl "40/6000:20/3000:0"]

1. e4 e5 2. Nf3 Nc6 3. d4 exd4 4. Nxd4 Nf6 5. Nxc6 bxc6 6. e5 Qe7 7. Qe2 Nd5 8. c4 Ba6 9. b3 g6 10. f4 Bg7 11. Qf2 Nb6 12. c5 Bxf1 13. cxb6 Ba6 14. Ba3 d6 15. bxc7 c5 16. Nc3 Qxc7 17. O-O-O Qa5 18. Na4 dxe5 19. Bxc5 e4 20. f5 Rc8 21. Rhe1 Bb7 22. Kb1 Be5 23. fxg6 hxg6 24. Rd7 Kxd7 25. Qxf7+ Kc6 26. Qe6+ Kb5 27. Qc4+ Kc6 28. Bb4+ Kd7 29. Qf7+ 1-0

[Event "DPMM 2023-24"]
[Site "Germany"]
[Date "2024.01.27"]
[Round "10.2"]
[White "Josch, Sylvio"]
[Black "Bruch, Jochen"]
[Result "1-0"]
[ECO "B66"]
[WhiteElo "2158"]
[BlackElo "2191"]
[PlyCount "109"]
[EventDate "2024.03.14"]
[EventType "team-tourn"]
[EventCountry "GER"]
[TimeControl "40/6000:20/3000:0"]

1. e4 c5 2. Nc3 e6 3. Nf3 d6 4. d4 cxd4 5. Nxd4 Nf6 6. Be3 Be7 7. f3 a6 8. Qd2 Qc7 9. g4 h6 10. O-O-O Nc6 11. h4 Nxd4 12. Bxd4 e5 13. Be3 Be6 14. Nd5 Nxd5 15. exd5 Bd7 16. Bd3 h5 17. gxh5 Rxh5 18. Rdg1 Bf6 19. Bg5 O-O-O 20. Bxf6 gxf6 21. Rg7 Rf8 22. f4 Bf5 23. fxe5 fxe5 24. Bxf5+ Rxf5 25. h5 Qe7 26. h6 Qf6 27. Qg2 Rf2 28. Qh3+ Kb8 29. Rgg1 Rc8 30. Qxc8+ Kxc8 31. h7 Qf4+ 32. Kb1 Qd2 33. h8=Q+ Kc7 34. Qh7 Qxd5 35. Rf1 Qf3 36. Rxf2 Qxf2 37. Qh4 Qxh4 38. Rxh4 f5 39. c3 b5 40. Kc2 Kc6 41. Rh5 f4 42. Kd3 Kd5 43. b3 a5 44. Rg5 a4 45. bxa4 bxa4 46. c4+ Kc5 47. a3 Kc6 48. Rg8 d5 49. cxd5+ Kxd5 50. Rd8+ Kc5 51. Ke4 Kc4 52. Rb8 Kc3 53. Kxe5 f3 54. Rf8 Kb3 55. Rxf3+ 1-0

[Event "DPMM 2023-24"]
[Site "Germany"]
[Date "2024.01.27"]
[Round "10.2"]
[White "Birkenmaier, Rainer"]
[Black "Braun, Arik"]
[Result "0-1"]
[ECO "D05"]
[WhiteElo "2107"]
[BlackElo "2599"]
[PlyCount "56"]
[EventDate "2024.03.14"]
[EventType "team-tourn"]
[EventCountry "GER"]
[TimeControl "40/6000:20/3000:0"]

1. d4 Nf6 2. Nf3 e6 3. Nbd2 d5 4. e3 c5 5. c3 Nc6 6. Bd3 Be7 7. O-O O-O 8. dxc5 Bxc5 9. e4 Qc7 10. Qe2 h6 11. Bc2 Bb6 12. h3 Nh5 13. exd5 exd5 14. Nb3 Ng3 15. Qb5 a6 16. Qxd5 Rd8 17. Qc4 Nd4 18. Qxc7 Nde2+ 19. Kh2 Nxf1+ 20. Kh1 Bxc7 21. Nbd4 Nxd4 22. cxd4 Bd7 23. Bd3 Bc6 24. Bxf1 Bxf3 25. gxf3 Bb6 26. Bd3 Rxd4 27. Be4 Rd1+ 28. Kg2 Rc8 0-1

[Event "DPMM 2023-24"]
[Site "Germany"]
[Date "2024.01.27"]
[Round "10.2"]
[White "Korbal, Arkadiusz"]
[Black "Pixa, Richard"]
[Result "1/2-1/2"]
[ECO "D30"]
[WhiteElo "2073"]
[BlackElo "2049"]
[PlyCount "90"]
[EventDate "2024.03.14"]
[EventType "team-tourn"]
[EventCountry "GER"]
[TimeControl "40/6000:20/3000:0"]

1. d4 d5 2. c4 e6 3. Nf3 c6 4. Qc2 Nf6 5. g3 dxc4 6. Bg2 b5 7. O-O Bb7 8. b3 cxb3 9. axb3 Nbd7 10. Bd2 a5 11. Nc3 Qb6 12. e4 Be7 13. e5 Nd5 14. Nxd5 cxd5 15. Rfc1 Bd8 16. Bf1 b4 17. Bd3 Rc8 18. Qd1 Rxc1 19. Rxc1 Ba6 20. Bb1 f6 21. exf6 Nxf6 22. Be3 O-O 23. Ne5 Bb5 24. Bg5 Ne4 25. Bxd8 Qxd8 26. Qg4 Qf6 27. f4 Nc3 28. Re1 a4 29. bxa4 Bxa4 30. Bd3 b3 31. Qf3 Rc8 32. Qe3 b2 33. Qd2 Nd1 34. Qb4 Ra8 35. Qb7 Qf8 36. Qb6 Qc8 37. Bb1 Ra6 38. Qb4 g6 39. Qd2 Kg7 40. Nd3 Qc4 41. Nxb2 Nxb2 42. Qxb2 Rc6 43. Kf2 Bb5 44. g4 Kf7 45. Qd2 Qc3 1/2-1/2

[Event "DPMM 2023-24"]
[Site "Germany"]
[Date "2024.01.27"]
[Round "10.2"]
[White "Fuhlrott, Tim"]
[Black "Carlstedt, Jonathan"]
[Result "0-1"]
[ECO "D30"]
[WhiteElo "2049"]
[BlackElo "2429"]
[PlyCount "62"]
[EventDate "2024.03.14"]
[EventType "team-tourn"]
[EventCountry "GER"]
[TimeControl "40/6000:20/3000:0"]

1. Nf3 d5 2. c4 e6 3. d4 Nf6 4. cxd5 exd5 5. Bf4 c5 6. e3 c4 7. Be2 Bb4+ 8. Nbd2 Nc6 9. O-O Bf5 10. Ne5 O-O 11. a3 Ba5 12. Rc1 Rc8 13. b4 Bb6 14. Ndf3 Ne7 15. h3 a5 16. g4 Be4 17. Ng5 axb4 18. axb4 Ra8 19. Nxe4 Nxe4 20. f3 Nd6 21. g5 Ndf5 22. Ra1 Rxa1 23. Qxa1 Ng6 24. Nxg6 fxg6 25. Rd1 Bc7 26. Qa7 Bxf4 27. exf4 Qe7 28. Re1 Qe3+ 29. Kg2 Nh4+ 30. Kg3 Qxf4+ 31. Kf2 Nxf3 0-1

[Event "DPMM 2023-24"]
[Site "Germany"]
[Date "2024.01.27"]
[Round "10.2"]
[White "Spittler, Jens"]
[Black "Melamed, Tatjana"]
[Result "0-1"]
[ECO "E59"]
[WhiteElo "2046"]
[BlackElo "2354"]
[PlyCount "70"]
[EventDate "2024.03.14"]
[EventType "team-tourn"]
[EventCountry "GER"]
[TimeControl "40/6000:20/3000:0"]

1. d4 Nf6 2. c4 e6 3. Nc3 Bb4 4. e3 O-O 5. Bd3 d5 6. Nf3 c5 7. O-O Nc6 8. a3 Bxc3 9. bxc3 dxc4 10. Bxc4 Qc7 11. Bb5 Bd7 12. a4 Rfd8 13. Ba3 a6 14. Bxc6 Bxc6 15. Ne5 Rac8 16. Nxc6 Qxc6 17. Qe2 Ne4 18. Rfc1 cxd4 19. exd4 Nxc3 20. Qd3 Qc4 21. Qxc4 Rxc4 22. Kf1 Rdc8 23. Bc5 Rxa4 24. Rxa4 Nxa4 25. Rb1 b5 26. Ra1 f6 27. Ke2 a5 28. Kd3 Kf7 29. f4 h5 30. g3 Kg6 31. h3 Kf5 32. Ke3 Nxc5 33. dxc5 Rxc5 34. Rxa5 Rc3+ 35. Kf2 Rb3 0-1

[Event "DPMM 2023-24"]
[Site "Germany"]
[Date "2024.01.27"]
[Round "10.2"]
[White "Eibelshaeuser, Stefan"]
[Black "Cernov, Vadim"]
[Result "0-1"]
[ECO "E33"]
[WhiteElo "2040"]
[BlackElo "2255"]
[PlyCount "116"]
[EventDate "2024.03.14"]
[EventType "team-tourn"]
[EventCountry "GER"]
[TimeControl "40/6000:20/3000:0"]

1. d4 Nf6 2. c4 Nc6 3. Nf3 e6 4. Nc3 Bb4 5. Qc2 d6 6. Bg5 h6 7. Bxf6 Qxf6 8. e3 O-O 9. a3 Bxc3+ 10. Qxc3 e5 11. d5 Nb8 12. Be2 a5 13. O-O a4 14. Nd2 Nd7 15. b4 axb3 16. Nxb3 b6 17. Bg4 Qg6 18. Bxd7 Bxd7 19. f3 Ra4 20. Rf2 Rfa8 21. Nd2 f5 22. e4 f4 23. Nb1 R8a5 24. Qb3 Rc5 25. Nd2 Qe8 26. Rff1 Qa8 27. Rfc1 Qa7 28. Kh1 Qa5 29. Qb2 Qa6 30. h3 g5 31. Rc3 Qc8 32. Rac1 Rca5 33. Kh2 Kf7 34. Kh1 h5 35. Kh2 Qd8 36. Nb3 Ra8 37. Nd2 Qf6 38. Rf1 Rg8 39. Qc1 Raa8 40. Rf2 Rg6 41. Kg1 g4 42. fxg4 hxg4 43. hxg4 Bxg4 44. Nf3 Rh8 45. Qc2 Bxf3 46. Rcxf3 Qh4 47. Kf1 Qh1+ 48. Ke2 Rxg2 49. Kd3 Rxf2 50. Qxf2 Rh2 51. Qf1 Qxf1+ 52. Rxf1 Rh3+ 53. Kd2 Rxa3 54. Rh1 Rg3 55. Rh7+ Rg7 56. Rh8 Ke7 57. Rc8 Kd7 58. Rf8 Rg3 0-1

[Event "DPMM 2023-24"]
[Site "Germany"]
[Date "2024.01.27"]
[Round "10.2"]
[White "Malinowsky, Levi"]
[Black "Kroeze, Frank"]
[Result "0-1"]
[ECO "B12"]
[WhiteElo "1965"]
[BlackElo "2390"]
[PlyCount "52"]
[EventDate "2024.03.14"]
[EventType "team-tourn"]
[EventCountry "GER"]
[TimeControl "40/6000:20/3000:0"]

1. e4 c6 2. d4 d5 3. e5 c5 4. dxc5 e6 5. Nf3 Bxc5 6. Bd3 Nc6 7. a3 f6 8. b4 Be7 9. Bb2 Nh6 10. Nbd2 O-O 11. O-O Nf7 12. exf6 Bxf6 13. Bxf6 Qxf6 14. c4 Nce5 15. Be2 Rd8 16. Qb3 Ng6 17. cxd5 Nf4 18. Bd3 exd5 19. Qc2 Bg4 20. h3 Rac8 21. Qb1 Bxf3 22. Nxf3 g6 23. Ne1 Rc3 24. Ra2 Ne5 25. Rd2 Qg5 26. Qd1 Rxd3 0-1

[Event "DPMM 2023-24"]
[Site "Germany"]
[Date "2024.01.27"]
[Round "10.3"]
[White "Zude, Arno"]
[Black "Puth, Dieter"]
[Result "1/2-1/2"]
[ECO "C55"]
[WhiteElo "2338"]
[BlackElo "2149"]
[PlyCount "91"]
[EventDate "2024.03.14"]
[EventType "team-tourn"]
[EventCountry "GER"]
[TimeControl "40/6000:20/3000:0"]

1. e4 e5 2. Nf3 Nc6 3. Bc4 Nf6 4. d3 Be7 5. O-O d6 6. a4 O-O 7. Nc3 Bg4 8. h3 Bh5 9. Nd5 Nxd5 10. Bxd5 Bxf3 11. Qxf3 Nd4 12. Qd1 c6 13. Ba2 Bg5 14. Be3 Qe7 15. a5 g6 16. Qd2 Bf4 17. Bxf4 exf4 18. c3 Ne6 19. d4 f3 20. Qh6 Qf6 21. Rfe1 Rae8 22. gxf3 Qxf3 23. Re3 Qf4 24. Qxf4 Nxf4 25. Kh2 Kg7 26. Rae1 f6 27. Kg3 g5 28. Bb1 Ng6 29. Bc2 Re7 30. Bd1 Nf4 31. Bf3 Rfe8 32. Ra1 f5 33. exf5 Rxe3 34. fxe3 Rxe3 35. a6 b6 36. h4 Kf6 37. hxg5+ Kxg5 38. Kf2 Re7 39. Bxc6 Kxf5 40. Kf3 Nh3 41. Rf1 Nf4 42. Bb7 Ng6 43. Rh1 Kg5 44. Rg1+ Kf5 45. Rh1 Kg5 46. Rg1+ 1/2-1/2

[Event "DPMM 2023-24"]
[Site "Germany"]
[Date "2024.01.27"]
[Round "10.3"]
[White "Krause, Ullrich"]
[Black "Ten Vergert, Paul"]
[Result "1/2-1/2"]
[ECO "B38"]
[WhiteElo "2194"]
[BlackElo "2170"]
[PlyCount "68"]
[EventDate "2024.03.14"]
[EventType "team-tourn"]
[EventCountry "GER"]
[TimeControl "40/6000:20/3000:0"]

1. Nf3 c5 2. c4 g6 3. e4 Nc6 4. d4 cxd4 5. Nxd4 Bg7 6. Be3 Nf6 7. Nc3 O-O 8. Be2 d6 9. O-O Bd7 10. Qd2 Nxd4 11. Bxd4 Bc6 12. f3 a6 13. Nd5 Bxd5 14. exd5 Nd7 15. Kh1 Rc8 16. b3 Bxd4 17. Qxd4 Qb6 18. Qd2 Kg7 19. f4 f5 20. Bf3 Nf6 21. Rae1 Rf7 22. h3 h5 23. g3 Rb8 24. Kg2 Kf8 25. b4 Kg7 26. Re6 Qc7 27. Qd4 Rc8 28. Rc1 b6 29. a3 a5 30. Ree1 axb4 31. axb4 Ra8 32. Ra1 Rff8 33. g4 hxg4 34. hxg4 fxg4 1/2-1/2

[Event "DPMM 2023-24"]
[Site "Germany"]
[Date "2024.01.27"]
[Round "10.3"]
[White "Schiffer, Stefan"]
[Black "Tonke, Kai"]
[Result "1-0"]
[ECO "C78"]
[WhiteElo "2192"]
[BlackElo "1795"]
[PlyCount "81"]
[EventDate "2024.03.14"]
[EventType "team-tourn"]
[EventCountry "GER"]
[TimeControl "40/6000:20/3000:0"]

1. e4 e5 2. Nf3 Nc6 3. Bb5 a6 4. Ba4 Nf6 5. d3 Bc5 6. O-O d6 7. c3 O-O 8. h3 h6 9. d4 Ba7 10. Re1 b5 11. Bc2 Bb7 12. d5 Ne7 13. Nbd2 Ng6 14. Nf1 Qd7 15. Ng3 Kh7 16. Nf5 Ne7 17. N3h4 Rg8 18. Qf3 Nxf5 19. Nxf5 Qd8 20. Kh2 Bc8 21. g4 g5 22. a4 Bd7 23. axb5 axb5 24. Bd2 Bxf5 25. Qxf5+ Kg7 26. Bd3 b4 27. cxb4 Bd4 28. Bc3 Bb6 29. Kg2 Qe7 30. Bb5 Kh8 31. Bc6 Rxa1 32. Rxa1 Kg7 33. Rh1 Kf8 34. b3 Qd8 35. Bd2 Ke7 36. f3 Rg6 37. h4 Qg8 38. hxg5 hxg5 39. Ra1 Qh8 40. Bxg5 Qg7 41. Qd7+ 1-0

[Event "DPMM 2023-24"]
[Site "Germany"]
[Date "2024.01.27"]
[Round "10.3"]
[White "Aulich, Marcell"]
[Black "Busche, Stefan"]
[Result "0-1"]
[ECO "B80"]
[WhiteElo "2186"]
[BlackElo "2062"]
[PlyCount "88"]
[EventDate "2024.03.14"]
[EventType "team-tourn"]
[EventCountry "GER"]
[TimeControl "40/6000:20/3000:0"]

1. e4 c5 2. Nf3 e6 3. g3 Nc6 4. Bg2 Nf6 5. Nc3 a6 6. O-O d6 7. d4 cxd4 8. Nxd4 Qc7 9. b3 Be7 10. Bb2 Bd7 11. Nde2 b5 12. a3 O-O 13. h3 Rfd8 14. Nf4 Rac8 15. Qd2 Ne5 16. g4 Bc6 17. Qe3 Qb7 18. Rfe1 a5 19. g5 Nfd7 20. h4 Ra8 21. Ncd5 Bf8 22. f3 Rac8 23. Qd2 Nc5 24. Ne3 a4 25. b4 Ncd7 26. Nh5 Nb6 27. Qd4 Nec4 28. Bc3 e5 29. Qd3 Nxe3 30. Qxe3 Nc4 31. Qe2 Bd7 32. Red1 Qb6+ 33. Kh2 Qe3 34. Qd3 Be6 35. Be1 d5 36. Qf1 dxe4 37. fxe4 Bg4 38. Rxd8 Rxd8 39. Bf2 Qc3 40. Ng3 Rd2 41. Nf5 Rxf2 42. Qxf2 Qxa1 43. Qa7 Bxf5 44. exf5 Qd4 0-1

[Event "DPMM 2023-24"]
[Site "Germany"]
[Date "2024.01.27"]
[Round "10.3"]
[White "Brunke, Christian"]
[Black "Hawellek, Jeronimo"]
[Result "1/2-1/2"]
[ECO "B07"]
[WhiteElo "2142"]
[BlackElo "2306"]
[PlyCount "76"]
[EventDate "2024.03.14"]
[EventType "team-tourn"]
[EventCountry "GER"]
[TimeControl "40/6000:20/3000:0"]

1. e4 d6 2. d4 Nf6 3. Nc3 g6 4. Be3 Bg7 5. Qd2 O-O 6. Bh6 e5 7. Bxg7 Kxg7 8. Nf3 exd4 9. Nxd4 Re8 10. f3 Nc6 11. O-O-O Qe7 12. Nde2 Qe5 13. Nf4 Be6 14. Nxe6+ fxe6 15. f4 Qc5 16. Be2 Rab8 17. g4 b5 18. g5 Nd7 19. h4 b4 20. Na4 Qa5 21. b3 Nb6 22. h5 Nxa4 23. bxa4 Qxa4 24. Bc4 Qa3+ 25. Kb1 Qc3 26. hxg6 hxg6 27. Bb3 Na5 28. Qxc3+ bxc3 29. Rh3 Nxb3 30. axb3 Rf8 31. Rxc3 Rf7 32. Rh1 Rh8 33. Rxh8 Kxh8 34. Rf3 Kg7 35. c4 Kf8 36. Kc2 Ke7 37. b4 Rh7 38. b5 Rh4 1/2-1/2

[Event "DPMM 2023-24"]
[Site "Germany"]
[Date "2024.01.27"]
[Round "10.3"]
[White "Engelhart, Achim"]
[Black "Fedorchuk, Sergey A."]
[Result "1/2-1/2"]
[ECO "B22"]
[WhiteElo "2088"]
[BlackElo "2546"]
[PlyCount "115"]
[EventDate "2024.03.14"]
[EventType "team-tourn"]
[EventCountry "GER"]
[TimeControl "40/6000:20/3000:0"]

1. e4 c5 2. c3 d5 3. exd5 Qxd5 4. d4 e6 5. Nf3 Nf6 6. a3 Be7 7. Be3 Nbd7 8. c4 Qd6 9. Nc3 cxd4 10. Qxd4 a6 11. Be2 b6 12. O-O Bb7 13. b4 Qc6 14. Rfd1 O-O 15. Bf1 Rfd8 16. Rac1 h6 17. h3 a5 18. Rb1 axb4 19. axb4 Qc8 20. Ne5 Nxe5 21. Qxe5 Rxd1 22. Nxd1 Be4 23. Ra1 Bc2 24. b5 Rxa1 25. Qxa1 Nd7 26. Bd4 Bf6 27. Ne3 Be4 28. Ng4 Bxd4 29. Qxd4 Nc5 30. Qd6 Qb7 31. Ne5 Kh7 32. f3 Bc2 33. Bd3+ Bxd3 34. Nxd3 Qd7 35. Qxd7 Nxd7 36. Kf2 e5 37. Ke3 f5 38. Nb4 Kg6 39. Nd5 Kf7 40. Kd3 Ke6 41. Kc3 g6 42. Kb4 g5 43. Nc7+ Ke7 44. Nd5+ Kf7 45. Nc7 h5 46. Na6 e4 47. fxe4 fxe4 48. Kc3 Kf6 49. Kd4 Kf5 50. g3 h4 51. gxh4 gxh4 52. Ke3 Ke5 53. Nb4 Kd6 54. Kxe4 Kc5 55. Nd5 Kxc4 56. Nxb6+ Nxb6 57. Kf4 Kxb5 58. Kg4 1/2-1/2

[Event "DPMM 2023-24"]
[Site "Germany"]
[Date "2024.01.27"]
[Round "10.3"]
[White "Herrmann, Jakob"]
[Black "Pererva, Viktor"]
[Result "0-1"]
[ECO "A46"]
[WhiteElo "1990"]
[BlackElo "2028"]
[PlyCount "72"]
[EventDate "2024.03.14"]
[EventType "team-tourn"]
[EventCountry "GER"]
[TimeControl "40/6000:20/3000:0"]

1. Nf3 d5 2. g3 Nf6 3. Bg2 e6 4. d4 b5 5. b3 Nbd7 6. O-O Be7 7. c4 bxc4 8. bxc4 O-O 9. Ne5 Bb7 10. Nc3 Qc8 11. Rb1 Rb8 12. Bf4 dxc4 13. Nxc4 Bxg2 14. Kxg2 Rxb1 15. Qxb1 c5 16. Qd3 cxd4 17. Qxd4 Qc6+ 18. Kg1 Rc8 19. Rc1 Qxc4 20. Nb5 Qxc1+ 21. Bxc1 Rxc1+ 22. Kg2 Bc5 23. Qd2 Rc4 24. Qd3 Ra4 25. Qc2 Ra6 26. Qc4 e5 27. g4 Nxg4 28. Kf1 Rg6 29. Qd5 Ne3+ 30. fxe3 Bxe3 31. Qa8+ Nf8 32. Qh1 Rg1+ 33. Qxg1 Bxg1 34. Kxg1 a6 35. Nc7 a5 36. Nd5 Nd7 0-1

[Event "DPMM 2023-24"]
[Site "Germany"]
[Date "2024.01.27"]
[Round "10.3"]
[White "Guenther, Joerg"]
[Black "Kuhn, Daniel"]
[Result "1/2-1/2"]
[ECO "C73"]
[WhiteElo "1963"]
[BlackElo "1980"]
[PlyCount "95"]
[EventDate "2024.03.14"]
[EventType "team-tourn"]
[EventCountry "GER"]
[TimeControl "40/6000:20/3000:0"]

1. e4 e5 2. Nf3 Nc6 3. Bb5 a6 4. Ba4 d6 5. Bxc6+ bxc6 6. d4 exd4 7. Qxd4 c5 8. Qd3 Ne7 9. O-O Ng6 10. Nc3 Be7 11. Nd5 O-O 12. Bd2 Bb7 13. Rfe1 Qd7 14. Rad1 Bxd5 15. Qxd5 c6 16. Qf5 Qe6 17. b3 Bf6 18. Bg5 Rad8 19. Bxf6 gxf6 20. Qh5 Kh8 21. Nh4 Rg8 22. Nxg6+ fxg6 23. Qe2 Ra8 24. Rd3 Rge8 25. Re3 a5 26. Qd2 a4 27. Rd1 axb3 28. axb3 d5 29. exd5 Qxd5 30. Rd3 Qe5 31. g3 Ra1 32. Re3 Rxd1+ 33. Qxd1 Qb8 34. Qf3 Kg7 35. Qxc6 Rxe3 36. Qd7+ Kh6 37. fxe3 Qe5 38. Kf2 Qh5 39. h4 Qe5 40. Qd3 Kg7 41. c3 Qe6 42. b4 c4 43. Qd4 Qf5+ 44. Ke2 Qc2+ 45. Kf3 Qf5+ 46. Kg2 Qc2+ 47. Kf3 Qf5+ 48. Kg2 1/2-1/2

[Event "DPMM 2023-24"]
[Site "Germany"]
[Date "2024.01.27"]
[Round "10.3"]
[White "Bozicevic, Falko"]
[Black "Farmani Anosheh, Yasha"]
[Result "1/2-1/2"]
[ECO "A53"]
[WhiteElo "1949"]
[BlackElo "2147"]
[PlyCount "147"]
[EventDate "2024.03.14"]
[EventType "team-tourn"]
[EventCountry "GER"]
[TimeControl "40/6000:20/3000:0"]

1. d4 d6 2. c4 Nf6 3. Nc3 e5 4. dxe5 dxe5 5. Qxd8+ Kxd8 6. Bg5 Be6 7. e3 Nbd7 8. Nf3 Bd6 9. Rd1 Ke7 10. a3 c6 11. Be2 h6 12. Bh4 g5 13. Bg3 Nh5 14. c5 Bxc5 15. Bxe5 Nxe5 16. Nxe5 Nf6 17. Bc4 Bd6 18. Bxe6 Bxe5 19. Ba2 Rad8 20. Ke2 Bxc3 21. bxc3 Ne4 22. Rxd8 Rxd8 23. Kf3 f5 24. Bb1 Rd2 25. Bxe4 fxe4+ 26. Kg3 Rc2 27. Rb1 b6 28. Rb4 Rxc3 29. Rxe4+ Kf6 30. Ra4 a5 31. h4 c5 32. hxg5+ hxg5 33. Kg4 Rc2 34. Kg3 c4 35. f4 Kf5 36. fxg5 Kxg5 37. Kf3 Kf5 38. g4+ Ke5 39. g5 Rc1 40. Kf2 Kf5 41. e4+ Kxg5 42. Ke3 Kf6 43. Kd4 c3 44. Rc4 c2 45. Rc6+ Ke7 46. Kd3 b5 47. Rxc2 Ra1 48. Rc3 Kd6 49. Kd2 Ra2+ 50. Kd3 Rb2 51. Rc2 Rb1 52. Rc3 Rd1+ 53. Ke2 Rh1 54. Kd3 Rh2 55. Kd4 Rd2+ 56. Ke3 Rb2 57. Kd4 a4 58. Kd3 Rb1 59. Kd2 Ke5 60. Kd3 Rd1+ 61. Ke2 Rh1 62. Kd3 Rh3+ 63. Kd2 Rh4 64. Re3 Rh2+ 65. Kc3 Ra2 66. Kb4 Rb2+ 67. Kc5 Rb3 68. Re1 Rb2 69. Rd1 Kxe4 70. Rd4+ Ke3 71. Rb4 Rb3 72. Kxb5 Rxa3 73. Rxa4 Rxa4 74. Kxa4 1/2-1/2

[Event "DPMM 2023-24"]
[Site "Germany"]
[Date "2024.01.27"]
[Round "10.3"]
[White "Dobierzin, Olaf"]
[Black "van Son, Lutz"]
[Result "1-0"]
[ECO "C02"]
[WhiteElo "1936"]
[BlackElo "2164"]
[PlyCount "119"]
[EventDate "2024.03.14"]
[EventType "team-tourn"]
[EventCountry "GER"]
[TimeControl "40/6000:20/3000:0"]

1. e4 e6 2. d4 d5 3. e5 c5 4. c3 Qb6 5. Nf3 Nc6 6. a3 c4 7. Nbd2 Na5 8. Be2 Bd7 9. O-O Ne7 10. Rb1 Qc7 11. Re1 Nc8 12. Nf1 h6 13. h4 Nb6 14. Qd2 Ba4 15. Bd1 Bxd1 16. Qxd1 O-O-O 17. h5 Be7 18. N3h2 Nb3 19. Bf4 Kb8 20. Nd2 Nxd2 21. Qxd2 Rc8 22. Qd1 Qd7 23. Qe2 Qa4 24. Rbc1 Qb3 25. Qc2 Qxc2 26. Rxc2 Rc6 27. Re3 Rhc8 28. Rg3 Bf8 29. Bc1 Na4 30. f4 Kc7 31. Rf3 f5 32. exf6 gxf6 33. f5 e5 34. Ng4 exd4 35. cxd4 Re8 36. Re3 Rxe3 37. Bxe3 Rb6 38. b4 a5 39. Bxh6 axb4 40. axb4 Bxb4 41. Bg7 Bc3 42. h6 Bxd4+ 43. Kh2 Ra6 44. h7 Ra8 45. h8=Q Rxh8+ 46. Bxh8 b5 47. Bxf6 Bxf6 48. Nxf6 d4 49. Re2 d3 50. Re7+ Kd6 51. Re6+ Kc5 52. Ne4+ Kd5 53. Re8 c3 54. Nxc3+ Nxc3 55. f6 Kc4 56. Rc8+ Kd4 57. f7 d2 58. f8=Q d1=Q 59. Rd8+ Nd5 60. Rxd5+ 1-0

[Event "DPMM 2023-24"]
[Site "Germany"]
[Date "2024.01.27"]
[Round "10.3"]
[White "Matthes, Benjamin"]
[Black "Herter, Arne"]
[Result "0-1"]
[ECO "C44"]
[WhiteElo "1931"]
[BlackElo "2050"]
[PlyCount "104"]
[EventDate "2024.03.14"]
[EventType "team-tourn"]
[EventCountry "GER"]
[TimeControl "40/6000:20/3000:0"]

1. e4 e5 2. Nf3 Nc6 3. d4 exd4 4. Bc4 Bc5 5. Ng5 Nh6 6. Nxf7 Nxf7 7. Bxf7+ Kxf7 8. Qh5+ g6 9. Qxc5 d5 10. O-O dxe4 11. c3 Qd6 12. Qxd6 cxd6 13. cxd4 Nxd4 14. Nc3 Bg4 15. Nxe4 Nc2 16. Nxd6+ Ke6 17. Bf4 Nxa1 18. Rxa1 Rhf8 19. Bg3 a5 20. Nxb7 Rfc8 21. h3 Bf5 22. Re1+ Kd7 23. Rd1+ Ke7 24. Bh4+ Kf8 25. Nd6 Rc2 26. Nxf5 gxf5 27. Rd5 Rxb2 28. Rxf5+ Kg8 29. a3 Ra7 30. Bf6 Rb1+ 31. Kh2 Rb3 32. Rg5+ Kf8 33. Bd4 Ra6 34. Bc5+ Kf7 35. Rh5 Rc6 36. Rd5 Rb5 37. Rd7+ Ke6 38. Re7+ Kf6 39. Rxh7 Rcxc5 40. Rh4 Rb2 41. f4 Ra2 42. Rh6+ Kg7 43. Rd6 Rxa3 44. h4 a4 45. Rd7+ Kg6 46. Rd6+ Kh5 47. g3 Rcc3 48. Rd5+ Kh6 49. Rd6+ Kg7 50. Rd7+ Kf8 51. Rd8+ Ke7 52. Rg8 Rxg3 0-1

[Event "DPMM 2023-24"]
[Site "Germany"]
[Date "2024.01.27"]
[Round "10.4"]
[White "Dobrikov, Marco"]
[Black "Namyslo, Holger"]
[Result "1-0"]
[ECO "C01"]
[WhiteElo "2362"]
[BlackElo "2125"]
[PlyCount "65"]
[EventDate "2024.03.14"]
[EventType "team-tourn"]
[EventCountry "GER"]
[TimeControl "40/6000:20/3000:0"]

1. e4 e6 2. d4 d5 3. exd5 exd5 4. Nc3 Nf6 5. Be3 Bb4 6. Bd3 O-O 7. Nge2 b6 8. O-O c5 9. a3 Bxc3 10. Nxc3 c4 11. Be2 h6 12. Bf4 a6 13. Bf3 Bb7 14. Re1 Re8 15. Qd2 Ne4 16. Bxe4 dxe4 17. d5 f5 18. Bxh6 gxh6 19. Qxh6 Qd7 20. Re3 Re7 21. Rg3+ Rg7 22. Rxg7+ Qxg7 23. Qxb6 Bc8 24. Re1 Nd7 25. Qc6 Rb8 26. Re3 Qf6 27. Rg3+ Kf8 28. Qxc4 Qd6 29. Qd4 Qe5 30. Qd2 Rxb2 31. Qh6+ Ke7 32. d6+ Ke8 33. Rg8+ 1-0